AoeStats
← 周公瑾

Arena

509790281Analyzed
4v4 RM · 3d ago on Sep 28, 2026· 59m 4s· 8 players
Game mode
Random Map
Map size
Large (8 player)
Population
200
Speed
Normal
Resources
Standard
Victory
Conquest
Starting age
Dark Age
Ending age
Imperial Age
RankedLock teamsTeams togetherTeam positionsShared explorationLock speedFull tech treeHidden civsTurbo modeCheats
Victory
Defeat
🇰🇿 Khmer · Kazakhstan
1050
+13
🇨🇴 Vikings · Colombia
1044
+13
🇺🇸 Poles · United States
986
+16
🇨🇿 Italians · Czechia
976
+22
🇦🇷 Varangians · Argentina
1019
-16
🇨🇳 Japanese · China
985
-15
🇨🇳 Spanish · China
970
-14
🇦🇷 Persians · Argentina
947
-13
FreshUCakes
11:27 Feudal Age
12:57 Double-Bit Axe
17:01 Castle Age
15:28 Forging
16:46 Scale Barding Armor
16:31 Horse Collar
17:06 Light Cavalry
22:33 Loom
22:34 Town Watch
25:29 Iron Casting
24:39 Treadmill Crane
25:22 Bloodlines
25:43 Husbandry
26:21 Bow Saw
27:05 Chain Barding Armor
28:27 Wheelbarrow
28:54 Szlachta Privileges
29:36 Hand Cart
30:58 Town Patrol
35:35 Imperial Age
35:23 Heavy Plow
35:52 Cavalier
38:25 Blast Furnace
37:17 Fletching
37:49 Siege Engineers
38:47 Chemistry
38:07 Siege Engineers
38:23 Ballistics
38:56 Scale Mail Armor
38:22 Capped Ram
39:44 Masonry
39:45 Fortified Wall
40:05 Gold Mining
40:06 Stone Mining
39:55 Siege Ram
41:08 Conscription
42:52 Chain Mail Armor
46:00 Stone Shaft Mining
46:00 Plate Mail Armor
45:26 Bodkin Arrow
51:02 Hoardings
53:53 Bracer
53:54 Padded Archer Armor
56:32 Crop Rotation
56:03 Murder Holes
56:26 Leather Archer Armor
56:15 Squires
56:00 Arson
55:38 Pikeman
55:38 Man-at-Arms
55:48 Winged Hussar
Niggārdly
10:48 Feudal Age
13:42 Wheelbarrow
15:07 Castle Age
14:04 Double-Bit Axe
14:02 Horse Collar
14:36 Padded Archer Armor
14:26 Fletching
15:27 Loom
23:47 Bow Saw
29:43 Imperial Age
28:00 Gold Mining
28:20 Heavy Plow
32:21 Two-Man Saw
31:54 Crop Rotation
31:19 Stone Mining
32:55 Chemistry
32:16 Ballistics
31:53 Murder Holes
31:39 Treadmill Crane
33:26 Caravan
34:17 Wheelbarrow
33:07 Elite Genoese Crossbowman
34:10 Conscription
34:05 Pirotechnia
34:17 Conscription
35:46 Hand Cart
38:33 Leather Archer Armor
38:13 Bodkin Arrow
39:24 Elite Genoese Crossbowman
41:21 Ring Archer Armor
40:52 Bracer
Laundres
10:39 Feudal Age
14:28 Castle Age
13:28 Stone Mining
13:30 Double-Bit Axe
14:11 Horse Collar
23:42 Scale Mail Armor
23:52 Forging
26:02 Chain Mail Armor
26:47 Iron Casting
34:48 Heavy Plow
38:54 Gold Mining
40:33 Gold Shaft Mining
41:55 Town Watch
48:28 Town Patrol
51:02 Imperial Age
49:41 Loom
51:43 Capped Ram
52:19 Elite Berserk
53:19 Conscription
53:38 Plate Mail Armor
54:08 Blast Furnace
53:10 Fletching
54:31 Blast Furnace
54:35 Siege Ram
IceCube
10:24 Feudal Age
13:51 Castle Age
12:24 Double-Bit Axe
12:21 Horse Collar
15:53 Bow Saw
18:45 Heavy Plow
19:58 Gold Mining
21:45 Wheelbarrow
20:58 Town Watch
23:59 Hand Cart
27:15 Imperial Age
24:52 Stone Mining
25:38 Gold Shaft Mining
25:19 Padded Archer Armor
25:38 Husbandry
25:48 Bloodlines
25:30 Fletching
25:27 Loom
26:24 Leather Archer Armor
26:33 Town Patrol
26:31 Bodkin Arrow
28:03 Ballistics
27:55 Masonry
28:35 Fortified Wall
28:45 Bracer
29:47 Chemistry
29:44 Conscription
30:07 Ring Archer Armor
29:56 Siege Engineers
31:20 Crop Rotation
32:30 Architecture
31:56 Murder Holes
33:58 Double Crossbow
35:16 Hoardings
SnK | ARAÑA
10:38 Feudal Age
16:16 Castle Age
14:50 Loom
14:55 Double-Bit Axe
14:53 Horse Collar
16:13 Gold Mining
17:09 Bow Saw
19:07 Wheelbarrow
20:06 Bloodlines
21:50 Husbandry
26:46 Hand Cart
27:03 Scale Barding Armor
27:27 Forging
31:30 Heavy Plow
32:33 Iron Casting
31:35 Pikeman
36:11 Imperial Age
34:46 Light Cavalry
35:38 Pikeman
36:19 Squires
36:06 Gambesons
36:07 Arson
36:25 Scale Mail Armor
36:49 Stone Mining
37:12 Siege Engineers
37:03 Murder Holes
37:29 Ballistics
38:09 Chemistry
36:34 Elite Jarl
37:39 Hussar
38:00 Halberdier
39:46 Chain Mail Armor
40:32 Blast Furnace
41:06 Plate Mail Armor
41:00 Conscription
40:43 Fletching
周公瑾
0:31 Loom
13:22 Feudal Age
13:54 Double-Bit Axe
13:52 Horse Collar
18:34 Castle Age
19:33 Town Watch
23:24 Wheelbarrow
23:49 Forging
23:40 Scale Mail Armor
24:57 Bow Saw
25:51 Heavy Plow
28:10 Pikeman
30:38 Gambesons
S个帅哥
15:28 Feudal Age
20:08 Castle Age
18:27 Double-Bit Axe
18:42 Horse Collar
19:35 Stone Mining
19:51 Gold Mining
21:31 Bow Saw
22:38 Heavy Plow
29:21 Wheelbarrow
34:26 Imperial Age
31:43 Loom
33:39 Hand Cart
33:09 Town Watch
33:45 Fletching
33:55 Padded Archer Armor
34:08 Town Watch
35:27 Leather Archer Armor
35:52 Conscription
36:19 Stone Shaft Mining
37:06 Chemistry
36:28 Ballistics
37:17 Elite Conquistador
38:49 Bodkin Arrow
39:25 Ring Archer Armor
39:06 Forging
39:01 Scale Barding Armor
40:33 Bombard Tower
40:24 Fortified Wall
42:45 Husbandry
42:56 Bloodlines
42:06 Light Cavalry
42:11 Onager
44:03 Bracer
44:39 Iron Casting
44:25 Chain Barding Armor
44:06 Hussar
47:18 Fortified Wall
47:03 Murder Holes
48:10 Plate Barding Armor
47:36 Scale Mail Armor
48:36 Blast Furnace
47:42 Squires
47:27 Arson
47:03 Pikeman
48:36 Halberdier
54:35 Chain Mail Armor
54:41 Masonry
CheLoco3552
10:19 Feudal Age
14:15 Castle Age
12:38 Double-Bit Axe
13:35 Horse Collar
15:06 Loom
17:19 Town Watch
19:35 Wheelbarrow
20:06 Bow Saw
28:24 Imperial Age
27:44 Heavy Plow
29:48 Scale Barding Armor
30:31 Forging
29:44 Cavalier
31:40 Gold Mining
31:30 Savar
33:26 Gold Shaft Mining
33:43 Chain Barding Armor
36:07 Husbandry
37:43 Plate Barding Armor
38:35 Iron Casting
40:04 Ballistics
40:45 Chemistry
41:46 Blast Furnace
41:43 Onager
Connection lost

Rejoining the realm…

Still unreachable

The connection could not be restored.

Session expired

The server has moved on; the page needs a fresh start.